cohdb
Replays
Latest Replays
All Replays
Popular Replays
Top Player Replays
Match Explorer
How It Works
Community
CoH3 Stats
Reddit
Sign in to upload your games and track your stats! →
Sign in with Steam
Match 44496137
Unlisted
Match 44496137
Overview
Messages
Build Orders
End
Royal Engineer Section
Vickers Machine Gun Team
Vickers Machine Gun Team
Royal Engineer Section
Construct Field Infirmary
Vickers Machine Gun Team
Construct Section Command Post
Infantry Section
Infantry Section
Royal Engineer Section
Infantry Section
Infantry Section
ML 3-inch Mortar Team
Selects Heavy Armor Battlegroup
Selects Engineer Detachments
Selects Forward Repair Assembly
Selects Light Vehicle Withdraw and Refit
Selects Radio Net
Selects Engineer Detachments
Construct Platoon Command Post
6-pounder Anti-tank Gun Team
Grenade Package
Unlock Bishop Self-propelled Artillery
Selects Recon Artillery
Bishop Self-propelled Artillery
Royal Engineer Section
Recon Artillery
Bishop Self-propelled Artillery
Vickers Machine Gun Team
Recon Artillery
StudioKreskiTattoo
Emmanuel Petit
Arturokq
Carolus
0
0
Comments
sign in to comment!
No comments posted yet!